 Dungeon Crawl Stone Soup version 0.26-a0-651-gb41185065b (webtiles) character file.

Game seed: 4192749855161948487

25 lorenzova the Conjurer (level 2, 0/15 HPs)
             Began as a Deep Elf Conjurer on Oct 29, 2020.
             Slain by a kobold
             ... wielding a +0 club
              (4 damage)
             ... on level 2 of the Dungeon.
             The game lasted 00:01:10 (1109 turns).

lorenzova the Conjurer (Deep Elf Conjurer)          Turns: 1109, Time: 00:01:11

Health: 0/15       AC:  2    Str:  4    XL:     2   Next: 86%
Magic:  8/9        EV: 13    Int: 22    God:
Gold:   145        SH:  0    Dex: 13    Spells: 8/9 levels left

rFire    . . .     SeeInvis .   (no weapon)
rCold    . . .     Faith    .   (no shield)
rNeg     + . .     Spirit   .   a - +0 robe
rPois    .         Reflect  .   (no helmet)
rElec    .         Harm     .   (no cloak)
rCorr    .         Rampage  .   (no gloves)
MR       .....                  (no boots)
Stlth    ++........             (no amulet)
HPRegen  0.05/turn              h - ring of positive energy
MPRegen  0.11/turn              (no ring)

@: no status effects
A: no striking features
a: no special abilities


You were on level 2 of the Dungeon.
You visited 1 branch of the dungeon, and saw 2 of its levels.

You collected 145 gold pieces.

Inventory:

Armour
 a - a +0 robe (worn)
Jewellery
 h - a ring of positive energy (left hand)
Scrolls
 b - 2 scrolls of noise {unknown}
 d - 2 scrolls of teleportation {unknown}
 e - a scroll of random uselessness {unknown}
 f - a scroll of blinking {unknown}
 g - a scroll of fog {unknown}
 i - a scroll of remove curse {unknown}
 j - 2 scrolls of identify {unknown}
Potions
 c - 3 potions of heal wounds {unknown}


   Skills:
 - Level 2.4 Dodging
 - Level 2.4 Stealth
 + Level 4.0 Spellcasting
 + Level 4.9 Conjurations


You had 8 spell levels left.
You knew the following spells:

 Your Spells              Type           Power        Failure   Level
a - Magic Dart            Conj           ####         1%          1

Your spell library contained the following spells:

 Spells                   Type           Power        Failure   Level
 Searing Ray              Conj           ####..       2%          2
 Dazzling Flash           Conj/Hex       ###...       12%         3
 Fulminant Prism          Conj/Hex       ###.......   38%         4
 Iskenderun's Mystic Bla  Conj/Tloc      ###.....     38%         4


Dungeon Overview and Level Annotations

Branches:
Dungeon (2/15)

Altars:
Cheibriados


Message History

Casting: Magic Dart (safe; 1% risk of failure)
Confirm with . or Enter, or press ? or * to list all spells.
Aiming: Magic Dart (safe; 1% risk of failure)
Press: ? - help, Shift-Dir - straight line, f/p - gnoll
Aim: a gnoll The magic dart hits the gnoll!
The gnoll is heavily wounded.
The gnoll hits you.
A scorpion comes into view.
The scorpion moves out of view.
A kobold comes into view. It is wielding a +0 club.
The kobold shouts!
The kobold throws a stone.
The stone barely misses you.
You see here a stone.
The kobold throws a stone.
The stone hits you.
* * * LOW HITPOINT WARNING * * *
Found 15 poisoned darts.
You see here a stone.
The kobold hits you with a +0 club.
You die...

#. .#### #. .....≈ #.
##.#.≈≈ .# #.
#..#......... #.#
#.####...... .....
####.#.## ..(.......#
#.#.# ......... #K#
#.....# #.#.# .###<#.##
#@# ..... ##.#.#
.###.#.# #.#
##.####.#..## ..##.#.#
#g####...##.###g.g
.....#.#
#.g.gg.......#..##
..##...#
######...####.####
..###..# ###(## ### #
.## #..# ##########...#
#
.####..##..........#.###
# .....<.............#(#
#


You could see 2 gnolls and a kobold.

Vanquished Creatures
  A dart slug (D:1)
  A leopard gecko (D:1)
  2 bats
  3 giant cockroaches
  4 goblins
  2 hobgoblins
  4 kobolds
  A frilled lizard (D:1)
  2 rats
20 creatures vanquished.

Notes
Turn   | Place    | Note
-------+----------+-------------------------------------------
     0 | D:1      | lorenzova the Deep Elf Conjurer began the quest for the
                  | Orb.
     0 | D:1      | Reached XP level 1. HP: 10/10 MP: 6/6
   228 | D:1      | Reached XP level 2. HP: 15/15 MP: 3/8
   359 | D:1      | Found a snail-covered altar of Cheibriados.
  1102 | D:2      | Noticed a scorpion
  1109 | D:2      | Slain by a kobold

Illustrated notes

Levels and vault maps discovered:
D:1:      minmay_arrival_semitransparent, layout_rooms, cheibriados_altar_1
D:2:      layout_loops_ring, chequers_serial_rivers_small_a, minivault_27

Skill      XL: |  1  2 |
---------------+-------+-----
Spellcasting   | 4 |  4.0
Dodging        | |  2.4
Stealth        | |  2.4
Conjurations   | |  4.9

Action                   || total
-------------------------++-------
 Cast: Magic Dart        ||    38
Dodge: Dodged            ||     3

Table legend: (Time is in decaauts)
 A = Elapsed time spent in this place.
 B = Non-inter-level travel time spent in this place.
 C = Inter-level travel time spent in this place.
 D = Time resting spent in this place.
 E = Time spent auto-exploring this place.
 F = Levels seen in this place.
 G = Mean time per level.
                   A        B        C        D        E       F      G
               +--------+--------+--------+--------+--------+-----+--------+
         Total |   1108 |   1104 |      4 |    320 |    669 |   2 |  554.0 |
       Dungeon |   1108 |   1104 |      4 |    320 |    669 |   2 |  554.0 |
               +--------+--------+--------+--------+--------+-----+--------+

Top non-repeatable levels by time:
     D:1: 645 daAuts
     D:2: 463 daAuts
